Cogmind - Beta 14 @@@ ROGUE MODE // 2025.03.14 @ 13:49:28 Player: IA-Sg3M Result: Destroyed by S-27 Virus with Autogun Performance ------------- Evolutions (6) 3000 Regions Visited (14) 2800 Robots Destroyed (321) 1605 Value Destroyed (12755) 12755 Prototype IDs (36) 720 Alien Tech Used (0) 0 Bonus (3386) 3386 TOTAL SCORE: 24266 Bonus ------- Triggered High Security 500 High Alert Combat Kills 1810 Follower Combat Kills 93 Network Hubs Disabled 400 Aligned with FarCom 300 Met R17 at Cetus 500 Friendly Fire -217 Cogmind --------- Core Integrity 0/1150 Matter 188/300 Energy 99/100 System Corruption 39% Temperature Cool (0) Movement Core (50) Location -4/Factory Parts ------- > --- POWER (2) -------- (None) > --- PROPULSION (4) --- (None) > --- UTILITY (9) ------ Hacking Suite Experimental System Shield > --- WEAPON (4) ------- (None) > --- INVENTORY (5) ---- Light Antimatter Reactor Centrium Medium Armor Plating Graphene Brace Advanced Focal Shield Force Lance Peak State ------------ > --- POWER ------------ Reinforced Fission Core > --- PROPULSION ------- Centrium Heavy Treads Centrium Heavy Treads > --- UTILITY ---------- Advanced Cooling System High-capacity Storage Unit Improved Targeting Computer Armor Integrity Analyzer Centrium Medium Armor Plating Centrium Medium Armor Plating Centrium Medium Armor Plating Centrium Medium Armor Plating > --- WEAPON ----------- Advanced KE Penetrator Advanced KE Penetrator Magnetic Acceleration Cannon Enhanced Gauss Cannon > --- INVENTORY -------- Particle Reactor Medium Treads Armored Medium Treads Centrium Heavy Treads Centrium Heavy Treads High-capacity Matter Pod High-capacity Matter Pod Recoil Nullifier Improved Transmission Jammer Graphene Brace Improved Focal Shield Long-range Tractor Beam Heavy Plasma Cannon Railgun Heavy Mass Driver Hypervelocity Gauss Cannon Heavy Proton Missile Launcher [Rating: 130] Favorites ----------- Power Improved Ion Engine Engine Improved Ion Engine Power Core Reinforced Fission Core Reactor Particle Reactor Propulsion Medium Treads Treads Medium Treads Leg Aluminum Leg Wheel Wheel Flight Unit VTOL Module Utility High-capacity Storage Unit Device Advanced Cooling System Storage High-capacity Storage Unit Processor Improved Targeting Computer Hackware Hacking Suite Protection Centrium Medium Armor Plating Weapon Improved Light Cannon Energy Gun EM Pulse Gun Energy Cannon Heavy Plasma Cannon Ballistic Gun XL Autogun Array Ballistic Cannon Improved Light Cannon Launcher Rocket Launcher Special Weapon Plasma Cutter Slashing Weapon Scythe Build | -11 -10 -9 -9 -9 -8 -8 -7 -6 -5 -5 -5 -5 -5 -4 ------- Run | Yrd Mat Mat Min Exi Min Mat Fac Fac Fac Ext Cet Arc Hub Fac Slots Evolved 12 | . . 2 . . . 2 2 2 2 . . . . 2 Power 1 | . . . . . . . . . . . . . . 1 Propulsion 2 | . . 1 . . . 1 . . . . . . . . Utility 7 | . . . . . . . 2 2 2 . . . . 1 Weapon 2 | . . 1 . . . 1 . . . . . . . . Parts Attached 270 | 2 6 23 . . 11 30 26 13 38 42 29 4 23 23 Power 19 | . . 3 . . . 3 4 . 3 1 . 2 . 3 Engine 11 | . . 3 . . . 3 4 . 1 . . . . . Core 6 | . . . . . . . . . 2 1 . 1 . 2 Reactor 2 | . . . . . . . . . . . . 1 . 1 Propulsion 51 | 2 . 6 . . . 12 9 4 5 4 4 . . 5 Treads 46 | 2 . 3 . . . 11 9 4 5 4 4 . . 4 Leg . | . . . . . . . . . . . . . . . Wheel 4 | . . 3 . . . 1 . . . . . . . . Hover . | . . . . . . . . . . . . . . . Flight 1 | . . . . . . . . . . . . . . 1 Utility 91 | . 5 5 . . 1 2 11 9 17 14 7 2 13 5 Device 55 | . 1 3 . . 1 . 7 6 15 8 1 1 9 3 Storage 1 | . 1 . . . . . . . . . . . . . Processor 5 | . 1 . . . . . 1 1 . . . . 2 . Hackware 4 | . . . . . . . 1 1 . . . . . 2 Protection 26 | . 2 2 . . . 2 2 1 2 6 6 1 2 . Artifact . | . . . . . . . . . . . . . . . Weapon 109 | . 1 9 . . 10 13 2 . 13 23 18 . 10 10 Energy Gun 7 | . 1 4 . . . . . . . . . . . 2 Energy Cannon 5 | . . . . . . . . . . 2 3 . . . Ballistic Gun 40 | . . . . . . 2 2 . 10 16 5 . 2 3 Ballistic Cannon 28 | . . 3 . . 7 4 . . . 3 5 . 3 3 Launcher 23 | . . 2 . . 3 4 . . 2 1 5 . 5 1 Special Weapon 1 | . . . . . . 1 . . . . . . . . Impact Weapon . | . . . . . . . . . . . . . . . Slashing Weapon 5 | . . . . . . 2 . . 1 1 . . . 1 Piercing Weapon . | . . . . . . . . . . . . . . . Special Melee Weapon . | . . . . . . . . . . . . . . . Unidentified Prototypes 11 | . . . . . . 1 2 . 1 1 3 . . 3 Corrupted Parts 8 | . . . . . . . . . . . 4 . . 4 System Corruption 64 | . . . . . . . . . . . 29 . . 35 Parts Lost 31 | . . 4 . . 1 . . . 3 2 1 . 3 17 Power 3 | . . 1 . . . . . . . . . . . 2 Propulsion 7 | . . . . . . . . . 2 . 1 . . 4 Utility 12 | . . 1 . . 1 . . . 1 2 . . 1 6 Weapon 9 | . . 2 . . . . . . . . . . 2 5 Highest Loss Streak 10 | . . 4 . . 1 . . . 3 1 1 . 2 10 To Critical Strikes 3 | . . 1 . . . . . . . . . . 1 1 Average Slot Usage (%) 89 | . 96 98 100 100 100 93 75 79 82 94 92 88 87 44 Engine 5 | . 14 10 11 11 11 9 6 6 2 . . . . . Core 1 | . . . . . . . . . 2 5 5 5 5 5 Treads 22 | . 28 21 22 22 22 31 29 26 23 23 15 11 11 6 Wheel 3 | . . 11 11 11 11 4 . . . . . . . . Device 9 | . 9 8 . . 9 1 6 12 21 17 11 11 8 11 Storage 7 | . 14 11 11 11 11 9 7 6 5 5 5 5 5 3 Processor 6 | . . . . . . . 7 13 11 11 11 11 14 7 Protection 7 | . 1 1 11 11 1 7 7 6 5 7 16 17 16 . Energy Gun 2 | . 28 20 . . . . . . . . . . . 1 Ballistic Gun 4 | . . . . . . 2 7 6 6 11 5 11 9 2 Ballistic Cannon 11 | . . 10 33 33 29 23 . . . 3 11 11 11 2 Peak Build Rating 130 | 6 8 17 16 19 20 55 71 79 98 97 122 125 130 124 Average Rating 61 | 5 7 13 16 16 19 32 65 78 91 85 107 122 124 65 On Entrance 54 | 6 6 8 16 16 19 20 55 71 79 97 87 122 123 92 Naked Turns 27 | . . . . . . . . . . . . . . 27 Heaviest Build 123 | 12 48 62 62 62 62 79 77 79 108 118 114 114 123 110 Greatest Support 160 | 40 40 40 40 40 40 92 112 112 112 108 160 160 160 160 Greatest Overweight (x) 6 | . 1 5 1 1 6 3 1 . 1 1 1 . . 3 Average Overweight (x) . | . . 2 1 1 3 . . . . . . . . . Largest Inventory Capacity 20 | 8 20 20 20 20 20 20 20 20 20 20 20 20 20 20 Average Capacity 19 | 8 15 20 20 20 20 20 20 20 20 20 20 20 20 15 Most Carried 20 | 7 12 20 20 20 20 20 20 20 20 20 20 20 20 20 Average Carried 18 | 5 9 17 20 19 18 19 19 19 19 19 19 19 19 11 Final Capacity 20 | 8 20 20 20 20 20 20 20 20 20 20 20 20 20 20 Final Carried 20 | 4 12 20 20 20 18 20 20 20 20 19 20 20 20 20 Class Distribution -------------------- 24% | Tank 20% | Skirmisher 17% | Scavenger-Gunner 15% | Scavenger-Tank 14% | Gunner 3% | Mutant 3% | Scavenger-Skirmisher Dominant Class ---------------- Mutant | -10/Materials Gunner | -9/Materials Tank | -9/Mines Tank | -9/Exiles Skirmisher | -8/Mines Skirmisher | -8/Materials Skirmisher | -7/Factory Gunner | -6/Factory Tank | -5/Factory Scavenger-Gunner | -5/Extension Scavenger-Tank | -5/Cetus Scavenger-Tank | -5/Archives Scavenger-Tank | -5/Hub_04(d) Scavenger-Mutant | -4/Factory Resources | -11 -10 -9 -9 -9 -8 -8 -7 -6 -5 -5 -5 -5 -5 -4 ----------- Run | Yrd Mat Mat Min Exi Min Mat Fac Fac Fac Ext Cet Arc Hub Fac Matter Collected 11125 | 200 80 475 171 . 336 1234 924 664 1652 1492 796 280 2171 650 Remotely 603 | . . . . . . . . . 241 . . . 362 . Salvage Created 14142 | . 205 956 26 . 265 1671 822 1120 1984 2053 822 370 3479 369 Parts 768 | . 25 55 4 . 26 112 57 54 83 106 42 9 176 19 Haulers Intercepted 17 | . . 3 . . . 4 2 3 2 2 . . 1 . Recyclers Shooed 3 | . 1 . . . . 1 . . 1 . . . . . Parts Field Recycled . | . . . . . . . . . . . . . . . Retrieved Matter . | . . . . . . . . . . . . . . . Parts Self-Destructed . | . . . . . . . . . . . . . . . Prevented . | . . . . . . . . . . . . . . . Kills | -11 -10 -9 -9 -9 -8 -8 -7 -6 -5 -5 -5 -5 -5 -4 ------- Run | Yrd Mat Mat Min Exi Min Mat Fac Fac Fac Ext Cet Arc Hub Fac Combat Hostiles Destroyed 227 | . 7 25 . . 16 29 8 13 28 25 13 4 51 8 Guns 99 | . 6 9 . . . 5 8 13 25 15 1 4 12 1 Cannons 54 | . . 8 . . 5 10 . . . 6 2 . 18 5 AOE 57 | . 1 8 . . 11 13 . . 3 4 4 . 11 2 Classes Destroyed 20 | . 5 3 . . 2 4 2 1 . 2 . . 1 . Worker 20 | . 1 3 1 . . 4 2 . . 2 . . 6 1 Builder 17 | . . . . . . 3 2 1 1 2 . . 7 1 Tunneler 5 | . . . . . 2 2 . . . . . . 1 . Hauler 17 | . . 3 . . . 4 2 3 2 2 . . 1 . Recycler 8 | . . . . . . 2 2 . 1 2 . . 1 . Carrier 1 | . . . . . . . . . . 1 . . . . Mechanic 2 | . . . . . . . . 1 . . . . 1 . Operator 8 | . 1 . . . . 2 . 2 . 1 . 1 1 . Watcher 16 | . 1 3 . . . 3 4 . 1 . 2 . 2 . Swarmer 54 | . 6 8 . . 11 6 . 1 5 4 4 . 5 4 Grunt 76 | . 1 12 . . 5 13 2 3 6 10 . . 23 1 Brawler 9 | . . . . . 1 . . 1 3 . . . 3 1 Duelist 4 | . . 2 . . . . . 1 1 . . . . . Protector 1 | . . . . . . . . . . . . . 1 . Sentry 30 | . . 3 . . . 7 1 2 3 4 . 4 6 . Hunter 14 | . . . . . . 2 . 2 2 2 . . 4 2 Programmer 22 | . . . . . . . 4 3 7 3 1 . 4 . Heavy 4 | . . . . . . 1 . . 1 . . . 2 . Behemoth 2 | . . . . . . . . . . 2 . . . . Cetus Guard 8 | . . . . . . . . . . . 8 . . . Lightning 3 | . . . . . . . . . . . . . 3 . Assembled 1 | . . . . . . . 1 . . . . . . . Best Kill Streak 22 | . 3 8 1 . 9 11 4 3 6 6 5 2 22 4 Combat Bots Only 16 | . 3 7 . . 8 6 3 3 5 4 4 2 16 3 Max Kills in Single Turn 4 | . 2 2 1 . 3 3 1 1 2 3 2 1 4 3 Gunslinging 1 | . 1 1 . . . . . . . . . . . . Exploded 3 | . 1 2 . . 3 3 . . 2 3 2 . 3 2 Melee . | . . . . . . . . . . . . . . . Uniques/NPCs Destroyed . | . . . . . . . . . . . . . . . Combat | -11 -10 -9 -9 -9 -8 -8 -7 -6 -5 -5 -5 -5 -5 -4 -------- Run | Yrd Mat Mat Min Exi Min Mat Fac Fac Fac Ext Cet Arc Hub Fac Hostile Shots Fired 1100 | . 25 93 . . 32 57 33 43 83 144 93 7 228 262 Missed 332 | . 9 28 . . 15 18 8 12 27 40 33 3 64 75 Damage Taken 14565 | . 124 840 . . 314 622 243 393 1643 1999 1137 104 3777 3369 Core 1872 | . 14 158 . . 53 65 4 12 146 88 55 25 88 1164 Absorbed by Shields 409 | . . . . . . . . 40 112 . . . . 257 Reduced by Siege Mode 371 | . . . . . . . . . . . 10 7 259 95 Ignored by Resistances 524 | . . . . . . 50 14 . . 78 324 . . 58 Regen/Repaired (Parts) 244 | . . 97 . . . 85 62 . . . . . . . Core Remaining (%) 83 | 100 94 . . . 47 88 99 98 . . . . 59 . Volleys Fired 589 | . 16 63 . . 28 62 31 44 81 100 26 11 88 39 Largest 4 | . 2 3 . . 3 4 1 1 4 4 4 4 4 2 Hottest 268 | . 80 140 . . 117 156 60 60 112 268 180 180 210 163 Shots Fired 1244 | . 32 153 . . 54 144 31 44 114 296 53 33 241 49 Gun 687 | . 32 84 . . . 16 31 44 111 231 6 16 95 21 Cannon 473 | . . 63 . . 40 106 . . . 63 34 17 124 26 Launcher 84 | . . 6 . . 14 22 . . 3 2 13 . 22 2 Special . | . . . . . . . . . . . . . . . Kinetic 980 | . . 63 . . 40 122 31 44 111 266 17 33 219 34 Thermal 101 | . . 37 . . . . . . . 28 23 . . 13 Explosive 24 | . . 6 . . 14 4 . . . . . . . . Electromagnetic 139 | . 32 47 . . . 18 . . 3 2 13 . 22 2 Robot Hit Streak 23 | . 3 7 . . 8 23 7 19 10 18 6 9 23 10 Robot Miss Streak 5 | . 3 5 . . 5 5 4 4 4 4 4 1 5 2 Penetration Max 2 | . . . . . . . . . 1 2 . . 1 . Secondary Targets 4 | . 1 3 . . . . . . . . . . . . Max Gunslinging Chain 1 | . 1 1 . . . . . . . . . . . . Shots Hit Robots 803 | . 16 89 . . 21 85 30 44 96 190 28 18 150 36 Core Hits 575 | . 10 56 3 . 33 68 28 40 79 89 27 10 114 18 Critical Kills 29 | . . . . . . . . . 1 8 1 3 16 . Critical Parts Destroyed 20 | . . . . . . . . . . 7 . . 12 1 Critical Strikes 64 | . . 3 . . . 1 . . 1 16 1 3 36 3 Burn 2 | . . 2 . . . . . . . . . . . . Meltdown 1 | . . . . . . . . . . 1 . . . . Destroy 52 | . . . . . . . . . 1 15 1 3 31 1 Blast 9 | . . 1 . . . 1 . . . . . . 5 2 Melee Attacks 6 | . . . . . . 3 . . 1 1 . . . 1 Thermal 1 | . . . . . . . . . . . . . . 1 Impact . | . . . . . . . . . . . . . . . Slashing 5 | . . . . . . 3 . . 1 1 . . . . Piercing . | . . . . . . . . . . . . . . . Sneak Attacks . | . . . . . . . . . . . . . . . Combat Hostiles . | . . . . . . . . . . . . . . . Follow-up Attacks . | . . . . . . . . . . . . . . . Damage Inflicted 33172 | . 271 1955 30 . 1219 3707 1708 2587 4568 4824 2291 522 7747 1743 Guns 16080 | . 226 842 . . . 824 1665 2468 4359 3159 82 258 1706 491 Cannons 7968 | . . 621 . . 498 1239 . . . 1400 715 239 2272 984 Explosions 8619 | . 45 476 . . 704 1595 . . 135 213 1494 . 3711 246 Melee 31 | . . . . . . 31 . . . . . . . . Ramming 474 | . . 16 30 . 17 18 43 119 74 52 . 25 58 22 Kinetic 21471 | . . 621 . . 498 2063 1665 2468 4359 3874 313 497 3978 1135 Thermal 2794 | . 45 267 . . . 159 . . . 767 717 . 499 340 Explosive 1534 | . . 456 . . 704 374 . . . . . . . . Electromagnetic 6868 | . 226 595 . . . 1062 . . 135 131 1261 . 3212 246 Impact . | . . . . . . . . . . . . . . . Slashing 31 | . . . . . . 31 . . . . . . . . Piercing . | . . . . . . . . . . . . . . . Highest Corruption 39 | . . . . . . . 4 1 . 3 33 33 39 39 Average Corruption 21 | . . . . . . . 3 1 . 2 16 33 33 22 Corruption Purged 4 | . . . . . . . 4 . . . . . . . Corruption Blocked . | . . . . . . . . . . . . . . . Effects 190 | . . . . . . . 5 2 . 10 30 32 90 21 Message Errors 35 | . . . . . . . 3 . . 2 6 2 21 1 Matter Fused 36 | . . . . . . . 1 1 . 2 3 4 21 4 Heat Flow Errors 19 | . . . . . . . 1 1 . . 3 7 6 1 Energy Discharges 20 | . . . . . . . . . . 1 7 2 10 . Parts Rejected 2 | . . . . . . . . . . . . 1 . 1 Parts Fused 2 | . . . . . . . . . . . . . 1 1 Data Loss (minor) 18 | . . . . . . . . . . 4 7 1 3 3 Data Loss (major) 10 | . . . . . . . . . . 1 2 1 4 2 Misfires 8 | . . . . . . . . . . . . 5 3 . Alerts 7 | . . . . . . . . . . . 1 2 3 1 Misdirections 8 | . . . . . . . . . . . . 1 1 6 Weapon Failures 25 | . . . . . . . . . . . 1 6 17 1 Overload Shots . | . . . . . . . . . . . . . . . Overflow Damage 472 | . . 21 . . . 14 3 17 . 28 26 15 192 156 Projectiles 194 | . . 5 . . . 1 . . . 16 . . 16 156 Explosions 239 | . . 16 . . . 13 . . . 12 26 . 172 . Melee 39 | . . . . . . . 3 17 . . . 15 4 . Knockbacks 37 | . . 7 . . 3 3 . 3 . 3 1 2 11 4 Impact 3 | . . . . . . . . 3 . . . . . . Kinetic 34 | . . 7 . . 3 3 . . . 3 1 2 11 4 Secondary . | . . . . . . . . . . . . . . . Self-Inflicted Damage 451 | . . 44 . . 122 14 . . . . . . 241 30 Shots 13 | . . 3 . . 3 1 . . . . . . 5 1 Rammed 47 | . . 3 4 . 2 3 3 12 8 4 . 1 3 4 Targets Rammed 53 | . . 3 4 . 3 4 4 14 8 5 . 1 3 4 Kicked . | . . . . . . . . . . . . . . . Crushed 6 | . . . . . 1 1 1 2 . 1 . . . . Highest Temperature 485 | . 72 236 . . 102 306 210 204 384 447 268 205 359 485 Average Temperature 96 | . 30 82 . . 42 78 64 70 100 110 80 53 67 237 Received Heat Transfer 2120 | . 6 306 . . 72 216 54 32 91 315 9 9 657 353 Effects 20 | . . . . . . 1 . . 2 1 . . 3 13 Shutdowns 8 | . . . . . . . . . . 1 . . . 7 Energy Bleed 3 | . . . . . . 1 . . 1 . . . . 1 Interference 3 | . . . . . . . . . . . . . 3 . Matter Decay 2 | . . . . . . . . . 1 . . . . 1 Damage (major) 4 | . . . . . . . . . . . . . . 4 Siege Activations 15 | . . . . . . . . . . . 1 1 10 3 Total Turns 320 | . . . . . . . . . . . 27 24 217 52 Longest Duration 64 | . . . . . . . . . . . 27 24 64 32 Robots Corrupted 22 | . . . . . . 2 1 1 . . 6 1 11 . Combat Hostiles 17 | . . . . . . 1 . . . . 6 . 10 . Parts Fried 47 | . 1 4 . . . 5 1 1 1 1 11 4 17 1 Impact Corruptions 4 | . . . . . . . 1 1 . . . 1 1 . Robots Melted 1 | . . . . . . . . . . 1 . . . . Combat Hostiles . | . . . . . . . . . . . . . . . Parts Melted 5 | . . 2 . . . . . . . 1 . . . 2 Heat Transferred 4288 | . . 938 . . . 250 . . . 1050 900 . 550 600 Parts Sabotaged 3 | . . . . . . . . . . . . . 3 . Parts Stolen . | . . . . . . . . . . . . . . . Parts Stripped . | . . . . . . . . . . . . . . . Power Chain Reactions 17 | . 1 1 . . . 4 . . . 1 3 . 7 . Alert | -11 -10 -9 -9 -9 -8 -8 -7 -6 -5 -5 -5 -5 -5 -4 ------- Run | Yrd Mat Mat Min Exi Min Mat Fac Fac Fac Ext Cet Arc Hub Fac Peak Influence 1850 | . 242 339 131 . 548 782 376 211 380 361 311 245 1850 1502 Initial 1100 | . . 29 131 . . 110 346 68 68 186 193 78 15 1100 Average 257 | . 85 166 33 . 344 344 166 114 194 234 216 201 627 1286 Maximum Alert Level 5 | . 1 1 . . 2 3 1 1 1 1 1 1 5 4 Low Security (%) 49 | 100 96 52 100 . 12 29 64 99 45 34 29 26 6 . Level 1 39 | . 3 47 . . 65 38 35 . 54 65 70 73 41 . Level 2 5 | . . . . . 22 20 . . . . . . 28 . Level 3 1 | . . . . . . 11 . . . . . . 9 . Level 4 2 | . . . . . . . . . . . . . 2 100 Level 5 . | . . . . . . . . . . . . . 1 . High Security . | . . . . . . . . . . . . . 9 . Max Security . | . . . . . . . . . . . . . . . Squads Dispatched 49 | . 1 3 . . . 7 5 7 6 3 . . 13 4 Investigation 11 | . 1 2 . . . 1 1 2 . 2 . . 1 1 Extermination 10 | . . . . . . . 3 2 3 . . . 2 . Reinforcement 16 | . . 1 . . . 4 1 1 3 1 . . 4 1 Assault 8 | . . . . . . . . . . . . . 6 2 Garrison 4 | . . . . . . 2 . 2 . . . . . . Intercept . | . . . . . . . . . . . . . . . Searches Triggered . | . . . . . . . . . . . . . . . Construction Impeded 4 | . . . . . . 1 . . 1 . . . 1 1 Haulers Reinforced 1 | . . . . . . . . . . . . . 1 . Active Scanning Responses . | . . . . . . . . . . . . . . . Cargo Convoy Interrupts . | . . . . . . . . . . . . . . . Stealth | -11 -10 -9 -9 -9 -8 -8 -7 -6 -5 -5 -5 -5 -5 -4 --------- Run | Yrd Mat Mat Min Exi Min Mat Fac Fac Fac Ext Cet Arc Hub Fac Distress Signals 24 | . 1 5 . . . 6 . . 2 2 2 . 2 4 Communications Jammed 90 | . . . . . . . . 4 19 1 . . . 66 Distress Signals 86 | . . . . . . . . . 19 1 . . . 66 Times Spotted 349 | . 11 36 . . 15 45 13 13 41 37 13 12 68 45 Peak Tracking Total 13 | . 5 5 . . 5 5 3 3 5 4 5 1 13 12 Tactical Retreats 21 | . 1 1 . . 1 1 . . 1 5 . . . 11 Traps | -11 -10 -9 -9 -9 -8 -8 -7 -6 -5 -5 -5 -5 -5 -4 ------- Run | Yrd Mat Mat Min Exi Min Mat Fac Fac Fac Ext Cet Arc Hub Fac Traps Triggered 10 | . . . . . . 1 4 2 . . . . 1 2 Indirectly 1 | . . . . . . . . . . . . . . 1 Trap Hack Attempts . | . . . . . . . . . . . . . . . Triggered . | . . . . . . . . . . . . . . . Disarmed . | . . . . . . . . . . . . . . . Reprogrammed . | . . . . . . . . . . . . . . . Reused . | . . . . . . . . . . . . . . . Traps Extracted . | . . . . . . . . . . . . . . . Installed . | . . . . . . . . . . . . . . . Triggered . | . . . . . . . . . . . . . . . Machines | -11 -10 -9 -9 -9 -8 -8 -7 -6 -5 -5 -5 -5 -5 -4 ---------- Run | Yrd Mat Mat Min Exi Min Mat Fac Fac Fac Ext Cet Arc Hub Fac Machines Disabled 68 | . 2 1 . . 2 2 1 3 9 5 2 4 34 3 Max in Single Turn 25 | . 1 1 . . 1 1 1 1 2 2 2 1 25 1 Garrison Access 2 | . . . . . . 1 . 1 . . . . . . Network Hub 2 | . . . . . . . . . . . . . 2 . Machines Repaired . | . . . . . . . . . . . . . . . Machines Dismantled . | . . . . . . . . . . . . . . . Machines Sabotaged . | . . . . . . . . . . . . . . . Overloaded Fab Kills . | . . . . . . . . . . . . . . . Hacking | -11 -10 -9 -9 -9 -8 -8 -7 -6 -5 -5 -5 -5 -5 -4 --------- Run | Yrd Mat Mat Min Exi Min Mat Fac Fac Fac Ext Cet Arc Hub Fac Machines Accessed 50 | . 4 4 . 1 . 5 6 9 4 6 3 1 6 1 Terminals 35 | . 4 2 . . . 3 2 5 3 6 3 . 6 1 Fabricators 4 | . . . . . . . 1 2 1 . . . . . Repair Stations 5 | . . 1 . . . 1 2 1 . . . . . . Recycling Units 1 | . . . . . . . 1 . . . . . . . Scanalyzers 1 | . . 1 . . . . . . . . . . . . Garrison Access 2 | . . . . . . 1 . 1 . . . . . . Total Hacks 140 | . 11 9 . 1 . 16 11 21 9 17 6 25 12 2 Successful 71 | . 2 5 . 1 . 8 6 7 4 5 3 25 4 1 Failed 69 | . 9 4 . . . 8 5 14 5 12 3 . 8 1 Catastrophic 16 | . . 2 . . . 1 . 3 3 3 1 . 2 1 Database Lockouts . | . . . . . . . . . . . . . . . Manual 42 | . 8 3 . 1 . 4 3 12 4 2 . . 5 . Terminals 86 | . 11 4 . . . 8 5 14 7 17 6 . 12 2 Fabricators 6 | . . . . . . . 1 3 2 . . . . . Repair Stations 14 | . . 3 . . . 5 4 2 . . . . . . Recycling Units 1 | . . . . . . . 1 . . . . . . . Scanalyzers 2 | . . 2 . . . . . . . . . . . . Garrison Access 5 | . . . . . . 3 . 2 . . . . . . Terminal Hacks 45 | . 1 1 . 1 . 2 1 2 2 4 3 25 2 1 Record 28 | . . . . . . . . 1 . . 2 25 . . Prototype ID Bank 1 | . . . . . . . . . . 1 . . . . Open Door 4 | . . . . . . . . . 1 2 1 . . . Open DSF 1 | . . . . . . . 1 . . . . . . . Level Access Points 1 | . . . . . . . . . . . . . . 1 Branch Access Points 3 | . . . . . . 1 . 1 1 . . . . . Alert Level 2 | . . . . . . 1 . . . . . . 1 . Unreport Threat 1 | . . . . . . . . . . . . . 1 . Zone Layout 3 | . 1 1 . . . . . . . 1 . . . . Derelict Proto ID Bank 1 | . . . . 1 . . . . . . . . . . Fabricator Hacks 4 | . . . . . . . 1 2 1 . . . . . Network Status 4 | . . . . . . . 1 2 1 . . . . . Repair Station Hacks 11 | . . 2 . . . 4 4 1 . . . . . . Scan Component 6 | . . 1 . . . 2 2 1 . . . . . . Repair 5 | . . 1 . . . 2 2 . . . . . . . Recycling Unit Hacks . | . . . . . . . . . . . . . . . Scanalyzer 2 | . . 2 . . . . . . . . . . . . Insert Component 1 | . . 1 . . . . . . . . . . . . Analyze 1 | . . 1 . . . . . . . . . . . . Garrison Access Hacks 2 | . . . . . . 1 . 1 . . . . . . Seal Access 2 | . . . . . . 1 . 1 . . . . . . Unauthorized Hacks 7 | . 1 . . . . 1 . 1 1 1 . . 2 . Terminals 7 | . 1 . . . . 1 . 1 1 1 . . 2 . Botnet 6 | . 1 . . . . 1 . 1 1 . . . 2 . Operators 1 | . . . . . . . . . . 1 . . . . Fabricators . | . . . . . . . . . . . . . . . Repair Stations . | . . . . . . . . . . . . . . . Recycling Units . | . . . . . . . . . . . . . . . Scanalyzers . | . . . . . . . . . . . . . . . Garrison Access . | . . . . . . . . . . . . . . . Data Cores Recovered 2 | . . . . . . . . 1 . 1 . . . . Used 2 | . . . . . . . . 1 . 1 . . . . Hacking Detections 44 | . 4 4 . . . 3 5 8 4 6 3 . 6 1 Full Trace Events 10 | . 1 2 . . . . 1 2 . 2 . . 1 1 Feedback Events 1 | . . . . . . . . 1 . . . . . . Corruption 1 | . . . . . . . . 1 . . . . . . Feedback Blocked . | . . . . . . . . . . . . . . . Robot Schematics Acquired . | . . . . . . . . . . . . . . . Robots Built . | . . . . . . . . . . . . . . . Authchips . | . . . . . . . . . . . . . . . Time . | . . . . . . . . . . . . . . . Total Robot Build Rating . | . . . . . . . . . . . . . . . Part Schematics Acquired 1 | . . 1 . . . . . . . . . . . . Parts Built . | . . . . . . . . . . . . . . . Authchips . | . . . . . . . . . . . . . . . Time . | . . . . . . . . . . . . . . . Total Part Build Rating . | . . . . . . . . . . . . . . . Parts Repaired 5 | . . 1 . . . 2 2 . . . . . . . Time 183 | . . 26 . . . 64 93 . . . . . . . Parts Recycled . | . . . . . . . . . . . . . . . Recycled Matter . | . . . . . . . . . . . . . . . Retrieved Matter . | . . . . . . . . . . . . . . . Retrieved Components . | . . . . . . . . . . . . . . . Parts Scanalyzed 1 | . . 1 . . . . . . . . . . . . Part Schematics Acquired 1 | . . 1 . . . . . . . . . . . . Parts Damaged . | . . . . . . . . . . . . . . . Bothacking | -11 -10 -9 -9 -9 -8 -8 -7 -6 -5 -5 -5 -5 -5 -4 ------------ Run | Yrd Mat Mat Min Exi Min Mat Fac Fac Fac Ext Cet Arc Hub Fac Used RIF Installer . | . . . . . . . . . . . . . . . Robots Hacked . | . . . . . . . . . . . . . . . Non-combat . | . . . . . . . . . . . . . . . Combat . | . . . . . . . . . . . . . . . Robot Hacks Applied . | . . . . . . . . . . . . . . . Relay Couplers Released . | . . . . . . . . . . . . . . . Fabnet Peak Effective % . | . . . . . . . . . . . . . . . Robots Rewired 4 | . . . . . . . . . . 4 . . . . Allies Hacked . | . . . . . . . . . . . . . . . Hacks Repelled . | . . . . . . . . . . . . . . . Allies | -11 -10 -9 -9 -9 -8 -8 -7 -6 -5 -5 -5 -5 -5 -4 -------- Run | Yrd Mat Mat Min Exi Min Mat Fac Fac Fac Ext Cet Arc Hub Fac Total Allies 12 | . . . 5 . . . . . . 7 . . . . Largest Group 5 | . . . 5 5 3 . . . . 4 . . . . Highest-Rated Group 102 | . . . 81 81 40 . . . . 102 . . . . Highest-Rated Ally 39 | . . . 31 31 16 . . . . 39 . . . . Total Orders . | . . . . . . . . . . . . . . . Ally Attacks 37 | . . . . . 21 . . . . 16 . . . . Total Damage 415 | . . . . . 169 . . . . 246 . . . . Kills 7 | . . . . . 5 . . . . 2 . . . . Allies Corrupted . | . . . . . . . . . . . . . . . Allies Melted . | . . . . . . . . . . . . . . . Intel | -11 -10 -9 -9 -9 -8 -8 -7 -6 -5 -5 -5 -5 -5 -4 ------- Run | Yrd Mat Mat Min Exi Min Mat Fac Fac Fac Ext Cet Arc Hub Fac Robot Analysis Total . | . . . . . . . . . . . . . . . Derelict Logs Recovered 2 | . . . 2 . . . . . . . . . . . Drone Launches . | . . . . . . . . . . . . . . . Drone Recoveries . | . . . . . . . . . . . . . . . Exploration | -11 -10 -9 -9 -9 -8 -8 -7 -6 -5 -5 -5 -5 -5 -4 ------------- Run | Yrd Mat Mat Min Exi Min Mat Fac Fac Fac Ext Cet Arc Hub Fac Turns Passed 18418 | 4 514 1518 1617 939 1125 1783 1917 1564 2318 1918 918 442 1365 476 Spaces Moved 8416 | 1 214 513 667 390 475 814 1015 845 1028 803 450 239 582 380 Core 224 | . . . . . . . . . . . . . . 224 Treads 7548 | 1 214 241 667 390 280 703 1015 845 1028 803 450 239 582 90 Legs . | . . . . . . . . . . . . . . . Wheels 578 | . . 272 . . 195 111 . . . . . . . . Hover . | . . . . . . . . . . . . . . . Flight 66 | . . . . . . . . . . . . . . 66 Fastest Speed 35 | 160 160 140 240 240 170 125 160 160 160 162 160 160 160 35 Average Speed 178 | 160 205 193 240 240 211 161 160 160 183 189 168 160 160 76 Slowest Speed 400 | 160 240 240 240 240 240 400 240 160 245 245 243 160 160 400 Overloaded Moves . | . . . . . . . . . . . . . . . Propulsion Burnouts . | . . . . . . . . . . . . . . . Robots Hopped 2 | . . . . . . . . . . . . . . 2 Cave-ins Triggered . | . . . . . . . . . . . . . . . Exploration Rate (%) 50 | 2 31 44 97 62 89 50 28 21 21 77 88 97 40 13 Regions Visited 14 Branch Regions 7 Pre-discovered Areas 1 | . . . 1 . . . . . . . . . . . Known Exits Taken 3 | . . . . . . 1 . . 1 . . . 1 . Unknown Exits Taken 11 | 1 1 1 1 1 1 . 1 1 . 1 1 1 . . Scrap Searched 1 | . . . 1 . . . . . . . . . . . Spaces Dug 29 | . . . . . 27 1 . . 1 . . . . . Terrain Destroyed 741 | . 5 45 . . 154 79 4 8 11 7 30 15 372 11 Melee 2 | . . . . . . 1 . . 1 . . . . . Projectile 137 | . . 2 . . 4 21 4 8 10 3 8 15 51 11 AOE 599 | . 5 43 . . 150 57 . . . 1 22 . 321 . Terrain Rammed . | . . . . . . . . . . . . . . . Walls Destroyed . | . . . . . . . . . . . . . . . Machines Disabled . | . . . . . . . . . . . . . . . Actions | -11 -10 -9 -9 -9 -8 -8 -7 -6 -5 -5 -5 -5 -5 -4 --------- Run | Yrd Mat Mat Min Exi Min Mat Fac Fac Fac Ext Cet Arc Hub Fac Total 11042 | 6 258 923 679 396 545 1190 1306 1052 1429 1090 554 273 841 500 Wait 1312 | . 4 270 9 . 27 212 195 121 206 68 26 13 119 42 Move 8398 | . 213 512 666 389 474 813 1014 844 1027 802 449 238 581 376 Hop 2 | . . . . . . . . . . . . . . 2 Pick Up 152 | . 12 27 . 2 . 28 14 6 27 11 6 2 13 4 Fast Attach 77 | . 2 9 . . . 5 12 2 12 13 7 2 2 11 Attach 68 | 2 1 5 . . 2 8 5 3 18 7 4 . 3 10 Detach 31 | 2 2 3 . . 1 2 3 2 5 4 3 1 . 3 Swap 125 | . 3 9 . . 9 17 9 8 8 22 18 2 18 2 Drop 195 | 2 5 22 . 5 1 36 19 8 36 23 15 3 14 6 Fire 589 | . 16 63 . . 28 62 31 44 81 100 26 11 88 39 Melee 6 | . . . . . . 3 . . 1 1 . . . 1 Ram 5 | . . . . . 1 . . . . . . . . 4 Kick . | . . . . . . . . . . . . . . . Crush 48 | . . 3 4 . 2 4 4 14 8 5 . 1 3 . Escape Stasis . | . . . . . . . . . . . . . . . Rewire 34 | . . . . . . . . . . 34 . . . . Trap . | . . . . . . . . . . . . . . . Miscellaneous . | . . . . . . . . . . . . . . . Route ------- -11/Scrapyard -10/Materials -9/Materials (discovered 3 exits: Mat / [*Min] / [*Sto]) -9/Mines (discovered 3 exits: *Mat x2 / *Exi) -9/Exiles -8/Mines -8/Materials (discovered 2 exits: *Fac x2) -7/Factory -6/Factory (discovered 4 exits: *Fac x2 / Low x2) -5/Factory (discovered 4 exits: *Upp x2 / *Ext x2) -5/Extension (discovered 2 exits: *Fac / *Cet) -5/Cetus (discovered 2 exits: *Fac / *Arc) -5/Archives (discovered 3 exits: *Fac / *Hub x2) -5/Hub_04(d) (discovered 2 exits: *Fac x2) -4/Factory (discovered 4 exits: Res x4) History --------- Turn | Location | Event 5 | -11/Scrapyard | Discovered new exit (range 0) 5 | -11/Scrapyard | Entered Materials 274 | -10/Materials | Discovered new exit (range 7) 300 | -10/Materials | Build established: Mutant 519 | -10/Materials | Entered another Materials area 519 | -9/Materials | Evolved 2 slots: Propulsion x1, Weapon x1 789 | -9/Materials | Destroyed 7 combat bots 796 | -9/Materials | Lost 4 parts (1p1u2w) 1052 | -9/Materials | Repaired Lgt. Treads 1073 | -9/Materials | Build established: Gunner 1598 | -9/Materials | Discovered new exit (range 12) 1598 | -9/Materials | Discovered new exit (range 11) 1991 | -9/Materials | Discovered new exit (range 9) 2037 | -9/Materials | Entered Mines 2054 | -9/Mines | Learned location of Zion (-6) 2100 | -9/Mines | Learned location of 1 exit from Materials 2188 | -9/Mines | Build established: Tank 2208 | -9/Mines | Discovered new exit (range 8) 2551 | -9/Mines | Discovered new exit (range 8) 2939 | -9/Mines | Found a hidden stash of uninstalled traps 3081 | -9/Mines | Assisted by bots powering up and referring to "LRC-V3" 3638 | -9/Mines | Deemed a non-threat by the Exiles lab entrance 3638 | -9/Mines | Discovered new exit (range 5) 3654 | -9/Mines | Entered Exiles 3654 | -9/Exiles | Accompanied by 5 allies 3684 | -9/Exiles | Led the pair of lost Derelicts to a safe place 3714 | -9/Exiles | Met 8R-AWN 3755 | -9/Exiles | Met EX-HEX 3827 | -9/Exiles | Met EX-BIN 3861 | -9/Exiles | Aligned with FarCom system 3863 | -9/Exiles | Given EX-Vault access code 3918 | -9/Exiles | Opened EX-Vault 3974 | -9/Exiles | Warned to stay clear of 0b10 Research branches 4050 | -9/Exiles | Met EX-DEC 4355 | -9/Exiles | Found XL Autogun Array 4573 | -9/Exiles | Discovered new exit (range 10) 4593 | -9/Exiles | Left Exiles lab with XL Autogun Array 4593 | -9/Exiles | Entered Mines 4593 | -8/Mines | Accompanied by 3 allies 4750 | -8/Mines | Core integrity fell below 50% 4777 | -8/Mines | Destroyed 8 combat bots 4888 | -8/Mines | Build established: Skirmisher 5644 | -8/Mines | Discovered new exit (range 7) 5718 | -8/Mines | Entered Materials 5718 | -8/Materials | Evolved 2 slots: Propulsion x1, Weapon x1 5719 | -8/Materials | Identified exit to Factory 6348 | -8/Materials | Garrison activated, responded to threat 6444 | -8/Materials | Build established: Scavenger-Skirmisher 6592 | -8/Materials | Repaired Imp. Light Cannon 6626 | -8/Materials | Repaired Rocket Launcher 7198 | -8/Materials | Build established: Skirmisher 7476 | -8/Materials | Discovered exit to Factory (range 15) 7501 | -8/Materials | Entered Factory 7501 | -7/Factory | Evolved 2 slots: Utility x2 7937 | -7/Factory | Repaired Corrupted Transmission Jammer 8264 | -7/Factory | Repaired Imp. Ion Engine 9402 | -7/Factory | Discovered new exit (range 11) 9418 | -7/Factory | Entered another Factory area 9418 | -6/Factory | Evolved 2 slots: Utility x2 9718 | -6/Factory | Build established: Gunner 10712 | -6/Factory | Discovered new exit (range 5) 10803 | -6/Factory | Identified exit to Lower Caves 10835 | -6/Factory | Garrison activated, responded to threat 10973 | -6/Factory | Discovered new exit (range 8) 10982 | -6/Factory | Entered another Factory area 10982 | -5/Factory | Evolved 2 slots: Utility x2 11279 | -5/Factory | Build established: Tank 11334 | -5/Factory | Discovered new exit (range 8) 12065 | -5/Factory | Lost 3 parts (2n1u) 12609 | -5/Factory | Build established: Scavenger-Gunner 12888 | -5/Factory | Discovered new exit (range 7) 13058 | -5/Factory | Identified exit to Upper Caves 13058 | -5/Factory | Identified exit to Extension 13300 | -5/Factory | Entered Extension 13353 | -5/Extension | Rescued a captive Derelict 13354 | -5/Extension | Rescued a captive Derelict 13404 | -5/Extension | Rescued a captive Derelict 13557 | -5/Extension | Lost 3 allies 13954 | -5/Extension | Lost 3 allies 14225 | -5/Extension | Disrupted transfer network 14442 | -5/Extension | Spotted B-75 Beast 14450 | -5/Extension | Destroyed B-75 Beast 14499 | -5/Extension | Spotted B-75 Beast 14535 | -5/Extension | Destroyed B-75 Beast 14955 | -5/Extension | Discovered new exit (range 16) 14958 | -5/Extension | Discovered new exit (range 15) 15218 | -5/Extension | Entered Cetus 15281 | -5/Cetus | Spotted Cetus Guard 15281 | -5/Cetus | Spotted Cetus Guard 15284 | -5/Cetus | Spotted Cetus Guard 15286 | -5/Cetus | Spotted Cetus Guard 15295 | -5/Cetus | Destroyed Cetus Guard 15310 | -5/Cetus | Destroyed Cetus Guard 15311 | -5/Cetus | Destroyed Cetus Guard 15343 | -5/Cetus | Build established: Scavenger-Tank 15345 | -5/Cetus | Destroyed Cetus Guard 15637 | -5/Cetus | Discovered new exit (range 15) 15668 | -5/Cetus | Spotted Cetus Guard 15669 | -5/Cetus | Spotted Cetus Guard 15671 | -5/Cetus | Spotted Cetus Guard 15673 | -5/Cetus | Spotted Cetus Guard 15683 | -5/Cetus | Destroyed Cetus Guard 15683 | -5/Cetus | Destroyed Cetus Guard 15684 | -5/Cetus | Destroyed Cetus Guard 15698 | -5/Cetus | Destroyed Cetus Guard 15720 | -5/Cetus | Discovered new exit (range 15) 15728 | -5/Cetus | Met Revision 17 15732 | -5/Cetus | System corruption reached 10% 15872 | -5/Cetus | System corruption reached 30% 15968 | -5/Cetus | Security sweep announced 16136 | -5/Cetus | Entered Archives 16240 | -5/Archives | Unable to access archive contents 16259 | -5/Archives | Unable to access archive contents 16276 | -5/Archives | Unable to access archive contents 16294 | -5/Archives | Unable to access archive contents 16302 | -5/Archives | Discovered new exit (range 14) 16353 | -5/Archives | Discovered new exit (range 15) 16408 | -5/Archives | Discovered new exit (range 15) 16578 | -5/Archives | Entered Hub_04(d) 16737 | -5/Hub_04(d) | Destroyed 16 combat bots 16746 | -5/Hub_04(d) | Discovered new exit (range 16) 17030 | -5/Hub_04(d) | Discovered new exit (range 14) 17129 | -5/Hub_04(d) | Identified exit to Factory 17747 | -5/Hub_04(d) | Network Hub disabled 17747 | -5/Hub_04(d) | Network Hub disabled 17753 | -5/Hub_04(d) | Spotted Lightning 17758 | -5/Hub_04(d) | Destroyed Lightning 17761 | -5/Hub_04(d) | Spotted Lightning 17763 | -5/Hub_04(d) | Destroyed Lightning 17768 | -5/Hub_04(d) | Destroyed Lightning 17778 | -5/Hub_04(d) | First assault squad dispatched 17808 | -5/Hub_04(d) | High security lockdown imminent 17847 | -5/Hub_04(d) | Destroyed 12 combat bots 17888 | -5/Hub_04(d) | High security lockdown engaged 17943 | -5/Hub_04(d) | Entered Factory 17943 | -4/Factory | Evolved 2 slots: Power x1, Utility x1 18110 | -4/Factory | Lost 3 parts (1u2w) 18193 | -4/Factory | First assault squad dispatched 18196 | -4/Factory | Lost 10 parts (1p2n5u2w) 18211 | -4/Factory | System corruption reached 10% 18267 | -4/Factory | Released all parts (9) 18271 | -4/Factory | System corruption reached 30% 18379 | -4/Factory | Identified exit to Research 18393 | -4/Factory | Core integrity fell below 50% 18394 | -4/Factory | Found Prototype Hackware 18394 | -4/Factory | Identified Exp. System Shield 18402 | -4/Factory | Spotted B-86 Titan 18407 | -4/Factory | Core integrity fell below 20% 18419 | -4/Factory | Destroyed by S-27 Virus with Autogun Last Messages --------------- 18398_ Adv. Weight Redist. System crushed. 18398_ Acquired 46 matter. 18399_ P-70 Sage resets G-67 Veteran, system corruption cleaned. 18400_ The unstable cave ceiling collapses. 18400_ Slammed into H-77 Assassin. 18402_ System corrupted: Component data lost. 18402_ Penetrated by Slug. 18402_ Critical hit (Destroy). 18402_ Med. Treads destroyed. 18402_ Knocked back. 18406_ Slug penetrates Neutrino Reactor. 18406_ Neutrino Reactor explodes. 18406_ T-07 Excavator destroyed. 18406_ Door malfunctions. 18409_ ALERT: Cargo convoy en route, clear transfer corridor. 18409_ Slug penetrates Wall. 18409_ Penetrated by Slug. 18411_ Acquired Force Lance. 18419_ System corrupted: IFF burst signal emitted. [Achievement: Tester] Map ----- +----------------------------------------------------+ | ????????????????????????????????????????????? | | ????????????????????????????????????????????? | | ????????????????????????????????????????????? | | ????????????????????????????????????????????? | | ????????????????????????????????????????????? | | ????????????????????????????????????????????? | | ????????????????????????????????????????????? | | ????????????????????????????????????????????? | | ##??????????????????????????????????????????? | | #?????????????????????????????????????????? | | #?????????????????????????????????????????? | | #??????????????????????#####??????????????? | | #?????????????????????? s ???????????? | | #?????????????????????? ????????????? | | ###?????????? ????????? ????